 Dungeon Crawl Stone Soup version 0.19-b1-5-gdc9fa9d (webtiles) character file.

122 Peloso the Skirmisher (level 5, -3/46 HPs)
             Began as a Ghoul Fighter on Nov 1, 2016.
             Killed from afar by an orc wizard (5 damage)
             ... with a magic dart
             ... on level 3 of the Dungeon.
             The game lasted 00:08:05 (2030 turns).

Peloso the Skirmisher (Ghoul Fighter)               Turns: 2030, Time: 00:08:05

Health: -3/46      AC:  8    Str: 20    XL:     5   Next: 6%
Magic:  4/4        EV:  7    Int:  3    God:
Gold:   133        SH:  9    Dex:  9    Spells: 0 memorised, 4 levels left

rFire  . . .     SeeInvis .     a - +0 long sword
rCold  + . .     Gourm    .     b - +0 scale mail
rNeg   + + +     Faith    .     c - +0 shield
rPois  ∞         Spirit   .     (no helmet)
rElec  .         Reflect  .     s - +0 cloak
rCorr  .         Harm     .     (no gloves)
MR     +....                    (no boots)
Stlth  ..........               (no amulet)
                                (no ring)
                                m - ring of protection from magic

@: rotting
A: rotting body, claws 1, carnivore 3, cold resistance 1, negative energy
resistance 3, slow regeneration 1, torment resistance, unbreathing
a: no special abilities


You were on level 3 of the Dungeon.
You were not hungry.

You visited 1 branch of the dungeon, and saw 3 of its levels.

You collected 133 gold pieces.

Inventory:

Hand Weapons
 a - a +0 long sword (weapon)
Armour
 b - a +0 scale mail (worn)
 c - a +0 shield (worn)
 s - a +0 cloak (worn)
Jewellery
 m - a ring of protection from magic (left claw)
Wands
 q - a wand of random effects (24/48)
 r - a wand of slowing (26/48)
Scrolls
 e - a scroll of teleportation {unknown}
 h - a scroll of blinking {unknown}
 i - 4 scrolls of remove curse {unknown}
 l - 4 scrolls of random uselessness {unknown}
 n - a scroll of fog {unknown}
 p - 4 scrolls of identify {unknown}
 t - a scroll of magic mapping {unknown}
 u - a scroll of immolation {unknown}
 w - 2 scrolls of amnesia {unknown}
Potions
 d - 2 potions of might
 g - a potion of lignification {unknown}
 j - a potion of haste {unknown}
 k - a potion of agility {unknown}
 o - a potion of flight {unknown}
 v - a potion of mutation {unknown}
Comestibles
 f - a meat ration


   Skills:
 + Level 3.7 Fighting
 + Level 3.0 Long Blades
 + Level 3.3 Armour
 + Level 0.6 Dodging
 + Level 0.2 Stealth
 + Level 3.3 Shields


You had 4 spell levels left.
You didn't know any spells.

Dungeon Overview and Level Annotations

Branches:
Dungeon (3/15)

Altars:
Nemelex Xobeh
Qazlal
Xom
Yredelemnul


Innate Abilities, Weirdness & Mutations

Your body is rotting away.
You thrive on raw meat.
You are immune to poison.
You have sharp fingernails.
You are carnivorous and can eat meat at any time.
Your flesh is cold resistant. (rC+)
You are immune to negative energy. (rN+++)
You regenerate slowly when monsters are visible.
You are immune to unholy pain and torment.
You can survive without breathing.


Message History

You block the orc wizard's attack.
You hit the orc wizard.
The orc wizard is moderately wounded.
The orc wizard gestures wildly while chanting.
The orc wizard blinks!
Items here: )))) [[ ††† You completely miss the orc wizard.
The orc wizard is moderately wounded.
The orc wizard hits you but does no damage.
You barely miss the orc wizard.
The orc wizard is moderately wounded.
The orc wizard barely misses you.
You hit the orc wizard but do no damage.
The orc wizard is moderately wounded.
You block the orc wizard's attack.
You closely miss the orc wizard.
The orc wizard is moderately wounded.
The orc wizard casts a spell at you. The magic dart hits you!
You die...

...###..###.#
....##......#
###.###.##### # #.....#
###.##### ......#
######## ......#
#......# #
......###.####.###.####.
......##...#...o@.......
......##.#)..#.##..#.##.
......##...###.# ..#
......##.......# ....
#######.....#### .#### #
#........# .# #
##.....##.# ..
######.......# # ..
.......#...#.#


You could see an orc wizard.

Vanquished Creatures
  An orc wizard (D:3)
  2 adders (D:2)
  An ooze (D:1)
  3 worms
  3 dart slugs
  A leopard gecko (D:2)
  2 orcs (D:3)
  A giant cockroach (D:3)
  8 hobgoblins
  3 jackals (D:2)
  5 kobolds
  A ball python (D:1)
  6 bats
  5 frilled lizards
  5 goblins
  6 rats
53 creatures vanquished.

Notes
Turn   | Place    | Note
-------+----------+-------------------------------------------
     0 | D:1      | Peloso the Ghoul Fighter began the quest for the Orb.
     0 | D:1      | Reached XP level 1. HP: 19/19 MP: 0/0
    54 | D:1      | Reached XP level 2. HP: 23/26 MP: 1/1
   532 | D:1      | Reached XP level 3. HP: 31/31 MP: 2/2
  1001 | D:2      | Found a sparkling altar of Nemelex Xobeh.
  1041 | D:2      | Found a shimmering altar of Xom.
  1292 | D:2      | Reached XP level 4. HP: 26/40 MP: 3/3
  1345 | D:2      | Found a stormy altar of Qazlal.
  1847 | D:3      | Found a basalt altar of Yredelemnul.
  2020 | D:3      | Reached XP level 5. HP: 6/46 MP: 4/4
  2023 | D:3      | HP: 1/46 [orc wizard/magic dart (5)]
  2030 | D:3      | Killed from afar by an orc wizard

Skill      XL: |  1  2  3  4 |
---------------+-------------+-----
Armour         | 3 |  3.3
Shields        | 3 |  3.3
Long Blades    | 2 3 |  3.0
Fighting       | |  3.7
Dodging        | |  0.6
Stealth        | |  0.2

Action                   |  1- 3 |  4- 6 || total
-------------------------+-------+-------++-------
Melee: Long sword        |   200 |    79 ||   279
  Eat: Chunk             |     7 |     1 ||     8
Armor: Scale mail        |   100 |    38 ||   138
Dodge: Dodged            |    66 |    37 ||   103
Block: Shield            |   105 |    30 ||   135
       Rpst.: Long sword |    23 |    14 ||    37
